 Dungeon Crawl Stone Soup version 0.29.1-12-g30fa7ad0bf (webtiles) character file.

Game seed: 10249320567365052176

48 DildoBatman the Conjurer (level 4, 0/32 HPs)
             Began as a Formicid Conjurer on Dec 14, 2022.
             Slain by a ball python (1 damage)
             ... on level 2 of the Dungeon.
             The game lasted 00:02:43 (1093 turns).

DildoBatman the Conjurer (Formicid Conjurer)        Turns: 1093, Time: 00:02:43

Health: 0/32       AC:  6    Str: 12    XL:     4   Next: 0%
Magic:  5/8        EV:  9    Int: 19    God:
Gold:   63         SH:  0    Dex: 12    Spells: 5/8 levels left

rFire   . . .      SeeInvis +   h - +0 short sword
rCold   . . .      Faith    .   (no shield)
rNeg    . . .      Spirit   .   a - +0 robe
rPois   .          Reflect  .   (helmet unavailable)
rElec   .          Harm     .   (no cloak)
rCorr   .          Rampage  .   (no gloves)
Will    .....                   (no boots)
Stlth   ++........              (no amulet)
HPRegen 0.10/turn               j - +4 ring of protection
MPRegen 0.11/turn               (no ring)

@: constricted
A: permanent stasis, dig shafts and tunnels, antennae 3, four strong arms
a: Dig, Shaft Self


You were on level 2 of the Dungeon.
You visited 1 branch of the dungeon, and saw 2 of its levels.

You collected 63 gold pieces.

Inventory:

Hand Weapons
 h - a +0 short sword (weapon)
Missiles
 d - 4 stones
Armour
 a - a +0 robe (worn)
Jewellery
 c - an amulet of guardian spirit
 j - a +4 ring of protection (left hand)
Scrolls
 e - a scroll of identify {unknown}
Potions
 b - a potion of magic
 f - a potion of haste {unknown}
 g - a potion of resistance {unknown}
 i - 2 potions of degeneration {unknown}


   Skills:
 * Level 1.5 Fighting
 * Level 1.4 Armour
 - Level 2.0 Dodging
 - Level 2.4 Stealth
 * Level 2.6 Spellcasting
 * Level 3.9 Conjurations


You had 5 spell levels left.
You knew the following spells:

 Your Spells              Type           Power      Damage    Failure   Level
a - Searing Ray           Conj           34%        2d5       4%          2
c - Magic Dart            Conj           68%        1d6       3%          1

Your spell library contained the following spells:

 Spells                   Type           Power      Damage    Failure   Level
 Dazzling Flash           Conj/Hex       20%        N/A       22%         3
 Fulminant Prism          Conj/Hex       5%         3d7       56%         4
 Iskenderun's Mystic Bla  Conj/Tloc      10%        2d4       56%         4


Dungeon Overview and Level Annotations

Branches:
Dungeon (2/15)

Altars:

Shops:
D:1 (


Innate Abilities, Weirdness & Mutations

You cannot be hasted, slowed, berserked, paralysed or teleported.
You can dig through walls and to a lower floor.
You have a pair of large antennae on your head. (SInv)
Your four strong arms can wield two-handed weapons with a shield.


Message History

Anything else - Cancel.
You shout for attention!
The endoplasm freezes you.
You are frozen.
The ball python bites you. The ball python constricts you.
What are your orders? t - Shout!
Orders for allies: a - Attack new target. r - Retreat! s - Stop attacking. g - Guard the area. f - Follow me.
Anything else - Cancel.
You shout for attention!
The ball python bites you. The ball python constricts you.
The endoplasm hits you but does no damage.
What are your orders? t - Shout!
Orders for allies: a - Attack new target. r - Retreat! s - Stop attacking. g - Guard the area. f - Follow me.
Anything else - Cancel.
You shout for attention!
The ball python bites you but does no damage.
The ball python constricts you. The endoplasm freezes you.
You are frozen.
What are your orders? t - Shout!
Orders for allies: a - Attack new target. r - Retreat! s - Stop attacking. g - Guard the area. f - Follow me.
Anything else - Cancel.
You shout for attention!
The ball python bites you. The ball python constricts you.
The endoplasm freezes you.
You are frozen.
The ball python bites you.
You die...

#...........#
#.#...#.....#
##.#...#.....#
#......#.....#
#.....##.....######
#.....##..........####
#...............!.....
#.....####........##..
#........)....@.......
#.....####....JS..##..
#.....# #.......!.....
##..... #.†...........
######.#..#†....#....
#..##.......##
#.###..#.#.## #.
#....#... ## ##.### ##


You could see an endoplasm and a ball python.

Vanquished Creatures
  A dart slug (D:1)
  5 bats
  5 endoplasms (D:1)
  2 giant cockroaches (D:1)
  5 goblins
  4 hobgoblins
  3 jackals (D:1)
  4 quokkas (D:1)
  3 ball pythons
  A frilled lizard (D:1)
  4 kobolds
  3 rats
40 creatures vanquished.

Notes
Turn   | Place    | Note
-------+----------+-------------------------------------------
     0 | D:1      | DildoBatman the Formicid Conjurer began the quest for the
                  | Orb.
     0 | D:1      | Reached XP level 1. HP: 13/13 MP: 3/3
    40 | D:1      | Found Uxaewori's Antique Weapon Boutique.
   102 | D:1      | Reached XP level 2. HP: 7/20 MP: 1/5
   105 | D:1      | Learned a level 2 spell: Searing Ray
   255 | D:1      | Reached skill level 1 in Fighting
   263 | D:1      | Reached skill level 1 in Armour
   336 | D:1      | Reached XP level 3. HP: 22/26 MP: 2/6
  1077 | D:2      | Reached XP level 4. HP: 31/32 MP: 3/8
  1093 | D:2      | HP: 1/32 [frozen (4)]
  1093 | D:2      | Slain by a ball python

Illustrated notes

Levels and vault maps discovered:
D:1:      matt_arrival_los_fun, layout_rooms, serial_shops,
          nicolae_shop_statue_plus, minmay_misc_feat_doors
D:2:      layout_basic

Skill      XL: |  1  2 |
---------------+-------+-----
Dodging        | 2 |  2.0
Fighting       | 1 |  1.5
Armour         | 1 |  1.4
Stealth        | |  2.4
Spellcasting   | |  2.6
Conjurations   | |  3.9

Action                   |  1- 3 |  4- 6 || total
-------------------------+-------+-------++-------
Melee: Club              |    18 |       ||    18
       Short sword       |     4 |       ||     4
 Cast: Magic Dart        |    49 |       ||    49
       Searing Ray       |     4 |       ||     4
 Stab: Sleeping          |     1 |       ||     1
Armor: Robe              |     3 |    10 ||    13
Dodge: Dodged            |    28 |     7 ||    35
